AoeStats
← NPG | Shimishi Maki

MegaRandom

507180103Analyzed
4v4 RM · 16d ago on Sep 17, 2026· 19m 32s· 8 players
Game mode
Random Map
Map size
Large (8 player)
Population
200
Speed
Normal
Resources
Standard
Victory
Conquest
Starting age
Dark Age
Ending age
Imperial Age
RankedLock teamsTeams togetherTeam positionsShared explorationLock speedFull tech treeHidden civsTurbo modeCheats
Victory
Defeat
🇨🇱 Berbers · Chile
1649
+7
🇦🇷 Bohemians · Argentina
1566
+10
1524
+12
🇪🇨 Spanish · Ecuador
1375
+17
🇦🇷 Magyars · Argentina
1471
-13
🇺🇸 Wu · United States
1466
-13
🇺🇸 Malians · United States
1422
-11
🇺🇸 Tatars · United States
1357
-9
The Bloody-Nine
0:32 Loom
9:02 Feudal Age
16:29 Castle Age
14:45 Double-Bit Axe
17:07 Scale Mail Armor
17:42 Gold Mining
18:14 Chain Mail Armor
19:18 Squires
TheAngryHog
0:38 Loom
12:00 Feudal Age
TheLowercasee
0:39 Loom
9:33 Feudal Age
11:10 Double-Bit Axe
11:10 Fishing Lines
12:14 Gold Mining
14:00 Fletching
14:45 Padded Archer Armor
16:08 Horse Collar
19:21 Wheelbarrow
22:02 Castle Age
Suricata Tactica
4:13 Loom
7:49 Feudal Age
8:18 Double-Bit Axe
13:15 Horse Collar
14:25 Scale Barding Armor
21:06 Castle Age
19:54 Bloodlines
NPG | ChupaloAlexitico
0:40 Loom
9:10 Feudal Age
13:42 Fletching
15:20 Padded Archer Armor
18:36 Double-Bit Axe
Leobossy
0:41 Loom
7:57 Feudal Age
13:13 Bloodlines
14:40 Horse Collar
15:26 Double-Bit Axe
20:21 Castle Age
Chim cu đi tắm
0:31 Loom
8:09 Feudal Age
8:45 Double-Bit Axe
11:47 Fletching
18:18 Castle Age
18:15 Wheelbarrow
18:02 Padded Archer Armor
18:22 Crossbowman
19:03 Bodkin Arrow
NPG | Shimishi Maki
0:32 Loom
9:08 Feudal Age
10:27 Double-Bit Axe
11:26 Horse Collar
13:47 Scale Barding Armor
15:11 Forging
16:12 Bloodlines
20:06 Castle Age
18:28 Gold Mining
19:39 Wheelbarrow
Connection lost

Rejoining the realm…

Still unreachable

The connection could not be restored.

Session expired

The server has moved on; the page needs a fresh start.